 Dungeon Crawl Stone Soup version 0.29.1-15-g9cfb28693d (webtiles) character file.

Game seed: 9336463268380594479

1 H0rd4k the Charlatan (level 1, -2/13 HPs)
             Began as an Octopode Artificer on Mar 28, 2023.
             Slain by a hobgoblin (5 damage)
             ... on level 1 of the Dungeon.
             The game lasted 00:00:06 (49 turns).

H0rd4k the Charlatan (Octopode Artificer)             Turns: 49, Time: 00:00:07

Health: -2/13      AC:  1    Str: 11    XL:     1   Next: 20%
Magic:  1/1        EV: 13    Int: 13    God:
Gold:   14         SH:  0    Dex: 12    Spells: 0/0 levels left

rFire   . . .      SeeInvis .   (no weapon)
rCold   . . .      Faith    .   (no shield)
rNeg    . . .      Spirit   .   (helmet restricted)
rPois   .          Reflect  .   (no amulet)
rElec   .          Harm     .   (no ring)
rCorr   .          Rampage  .   (no ring)
Will    .....                   (no ring)
Stlth   +++.......              (no ring)
HPRegen 0.04/turn               (no ring)
MPRegen 0.07/turn               (no ring)
                                (no ring)
                                (no ring)

@: no status effects
A: almost no armour, amphibious, 8 rings, camouflage 1, gelatinous body 1,
(nimble swimmer 1), tentacles
a: no special abilities


You were on level 1 of the Dungeon.
You visited 1 branch of the dungeon, and saw 1 of its levels.

You collected 14 gold pieces.

Inventory:

Wands
 b - a wand of flame (15) (quivered)
 c - a wand of charming (15)
 d - a wand of iceblast (5)


   Skills:
 * Level 1.0 Fighting
 - Level 2.3 Dodging
 - Level 1.3 Stealth
 * Level 0.3 Spellcasting
 - Level 3.2 Evocations


You couldn't memorise any spells.
You didn't know any spells.
Your spell library contained the following spells:

 Spells                   Type           Power      Damage    Failure   Level
 Shock                    Conj/Air       0%         1d3       30%         1
 Swiftness                Air            0%         N/A       67%         3
 Airstrike                Air            0%         2d(0-16)  97%         4


Dungeon Overview and Level Annotations

Branches:
Dungeon (1/15)

Altars:


Innate Abilities, Weirdness & Mutations

You cannot wear most types of armour.
You are amphibious.
You can wear up to eight rings at the same time.
Your skin changes colour to match your surroundings (Stealth+).
Your rubbery body absorbs attacks. (AC +1, EV +1)
((You are camouflaged when in or above water. (Stealth+)))
You have tentacles for arms and can constrict up to eight enemies at once.


Message History

You are now empty-tentacled.
You drop a +0 club.
You open the door.
There is an open door here.
You now have 14 gold pieces.
You pick up a book of Air and begin reading...
You add the spells Shock, Swiftness and Airstrike to your library.
No target in view!
You open the large door.
There is a large open door here.
There is a large open door here.
An endoplasm comes into view.
An endoplasm is nearby!
A hobgoblin comes into view.
There are monsters nearby!
A ball python comes into view.
There are monsters nearby!
There are monsters nearby!
You tentacle-slap the endoplasm but do no damage.
Your squeeze misses the endoplasm.
The hobgoblin shouts!
The endoplasm freezes you.
You are frozen.
There are monsters nearby!
You tentacle-slap the endoplasm. You squeeze the endoplasm.
The endoplasm is severely wounded.
A quokka comes into view.
The endoplasm hits you.
There are monsters nearby!
You tentacle-slap the endoplasm but do no damage.
You squeeze the endoplasm.
You kill the endoplasm!
There are monsters nearby!
The ball python barely misses you. x2; The hobgoblin misses you.
The hobgoblin attacks as you move away! The hobgoblin closely misses you.
The ball python attacks as you move away!
The ball python bites you. The ball python barely misses you.
The hobgoblin attacks as you move away! The hobgoblin hits you.
* * * LOW HITPOINT WARNING * * *
The hobgoblin attacks as you move away! The hobgoblin hits you.
You die...

############ ######
...........# #....#
...........# #....####
...........#######........
...........##...@S.....#
...........''....g........
...........##...r......#.#
..###########............#
### #.........#### #
#.........# #.........#
..........# .........


You could see a quokka, a hobgoblin and a ball python.

Vanquished Creatures
  An endoplasm (D:1)
1 creature vanquished.

Notes
Turn   | Place    | Note
-------+----------+-------------------------------------------
     0 | D:1      | H0rd4k the Octopode Artificer began the quest for the Orb.
     0 | D:1      | Reached XP level 1. HP: 13/13 MP: 1/1
    49 | D:1      | Slain by a hobgoblin

Illustrated notes

Levels and vault maps discovered:
D:1:      wander_arrival_chamber, layout_basic, basic_ecumenical_altar,
          serial_shops, shop

Action                   || total
-------------------------++-------
Melee: Unarmed           ||     3
       Tentacles         ||     2
Dodge: Dodged            ||     5
